 Dungeon Crawl Stone Soup version 0.30.1-5-ged363bc7ee (webtiles) character file.

Game seed: 10066666206269671640

1453 boopmooplesden the Covered (level 8, 0/103 (106) HPs)
             Began as an Armataur Fighter on Sept 20, 2023.
             Was a Follower of Trog.
             Slain by a wight
             ... wielding a +5 morningstar of freezing
              (17 damage)
             ... on level 6 of the Dungeon.
             The game lasted 00:08:21 (5183 turns).

boopmooplesden the Covered (Armataur Fighter)       Turns: 5183, Time: 00:08:22

HP:   0/103 (106)   AC:  7    Str: 21    XL:     8   Next: 47%
MP:   8/8           EV:  9    Int:  9    God:    Trog [*.....]
Gold: 108           SH:  5    Dex: 12    Spells: 7/7 levels left

rFire   x . .        A - +11 flail of Recklessness {speed, rElec rF- rCorr}
rCold   . . .        c - +0 buckler
rNeg    . . .        h - +0 troll leather armour {Pargi}
rPois   .            (no helmet)
rElec   +            (no cloak)
rCorr   +            p - +0 pair of gloves
SInv    .            (no barding)
Will    .....        w - amulet of faith Stlth
                     (no ring)
HPRegen 1.17/turn    (no ring)
MPRegen 0.11/turn

%: roll, faith
@: berserking, lightly drained, very quick
A: large, rugged brown scales 3, deformed body, armoured tail, roll, long
tongue, awkward tongue
a: Renounce Religion, Berserk


You were on level 6 of the Dungeon.
You worshipped Trog.
Trog was aware of your devotion.
You visited 1 branch of the dungeon, and saw 6 of its levels.
You also visited: Sewer.

You collected 308 gold pieces.
You spent 200 gold pieces at shops.

Inventory:

Hand Weapons
 a - a +0 long sword of electrocution
 x - the +7 falchion of Drought {antimagic, rElec rF- rC- Str+9}
   (You bought it in a shop on level 3 of the Dungeon)

   Str:       It affects your strength (+9).
   rF:        It makes you vulnerable to fire.
   rC:        It makes you vulnerable to cold.
   rElec:     It insulates you from electricity.
 A - the +11 flail of Recklessness (weapon) {speed, rElec rF- rCorr}
   (You found it on level 5 of the Dungeon)

   rF:        It makes you vulnerable to fire.
   rElec:     It insulates you from electricity.
   rCorr:     It protects you from acid and corrosion.
Armour
 b - a +0 scale mail
 c - a +0 buckler (worn)
 h - a +0 troll leather armour (worn) {Pargi}
 p - a +0 pair of gloves (worn)
Jewellery
 q - an amulet of magic regeneration
 w - an amulet of faith (around neck)
 B - a ring of see invisible
Wands
 e - a wand of acid (14)
 r - a wand of flame (16)
Scrolls
 d - 3 scrolls of teleportation
 f - 3 scrolls of brand weapon
 i - 2 scrolls of identify
 j - 2 scrolls of fog
 k - 3 scrolls of fear
 l - 2 scrolls of blinking
 o - 2 scrolls of enchant weapon {unknown}
 v - a scroll of silence {unknown}
 y - a scroll of torment {unknown}
 C - a scroll of amnesia {unknown}
 D - a scroll of summoning
 E - a scroll of vulnerability {unknown}
Potions
 g - 3 potions of magic
 m - 2 potions of ambrosia {unknown}
 n - a potion of mutation {unknown}
 s - 2 potions of lignification {unknown}
 t - a potion of degeneration {unknown}
 u - a potion of curing {unknown}
 z - 2 potions of heal wounds


   Skills:
 + Level 4.6 Fighting
 + Level 6.1 Long Blades
 + Level 0.5 Maces & Flails
 + Level 6.7 Armour
 + Level 2.3 Dodging
 + Level 1.5 Stealth
 + Level 5.2 Shields


You had 7 spell levels left.
You didn't know any spells.
Your spell library contained the following spells:

 Spells                   Type           Power      Damage    Failure   Level
 Inner Flame              Hex/Fire       0%         N/A       86%         3
 Yara's Violent Unravell  Hex/Tmut       0%         3d3       100%        5
 Enfeeble                 Hex            0%         N/A       100%        7


Dungeon Overview and Level Annotations

Branches:
Dungeon (6/15)             Temple (0/1) D:5           Sewer (visited)

Altars:
Ashenzari
Cheibriados
Gozag
Hepliaklqana
Trog
Xom

Shops:
D:3 (


Innate Abilities, Weirdness & Mutations

You are completely covered in rugged brown scales. (AC +3, +7% HP)
Armour fits poorly on your strangely shaped body.
You have a long armoured tail.
You roll when moving toward enemies. (Rampage)
Your long tongue fully drains potion bottles. (2x potion effects)
Your tongue gives you trouble enunciating. (1.5x scroll delay)


Message History

You see here a +2 flail of protection.
The orc warrior shouts!
You hear a shout!
You hit the orc warrior but do no damage.
You block the orc warrior's attack.
A wight comes into view.
It is wielding a +5 morningstar of freezing.
You thump the orc warrior!
The orc warrior is heavily wounded.
The orc warrior hits you but does no damage.
You closely miss the orc warrior.
The orc warrior is heavily wounded.
The orc warrior hits you with a +0 long sword!
The orc priest closely misses you.
You sock the orc priest!
The orc priest is severely wounded.
The orc warrior hits you with a +0 long sword!
The orc priest hits you with a +0 dagger.
You hit the orc priest.
The orc priest is almost dead.
The orc warrior hits you with a +0 long sword.
The orc priest closely misses you.
An orc comes into view. It is wielding a +0 mace.
The wight hits you with a +5 morningstar of freezing.
The wight freezes you.
You barely miss the orc priest.
The orc priest is almost dead.
The orc warrior hits you with a +0 long sword!
The orc priest barely misses you.
The wight hits you with a +5 morningstar of freezing!
* * * LOW HITPOINT WARNING * * *
You feel drained.
* * * LOW HITPOINT WARNING * * *
The wight freezes you.
* * * LOW HITPOINT WARNING * * *
A red film seems to cover your vision as you go berserk!
You feel yourself moving faster!
You feel mighty!
The orc warrior hits you with a +0 long sword!
* * * LOW HITPOINT WARNING * * *
You block the orc priest's attack.
The wight hits you with a +5 morningstar of freezing!
You die...

####### .# #......
o# ##.#### .# #
#.#### o# #..##.#...
o# .>........ .#
#.###.... ########o#
#.### #...)z@oo#
#.###..## ##.####o.#
#........ ###...#
#######.# #....### #
##'# #.#....#.# #...
#.#..#.#.# #...
#.#..#...# #...
#......#### #..†
#####<..>.#######...


You could see an orc warrior, a wight, an orc priest, an orc wizard and an orc.

Vanquished Creatures
  A water moccasin (Sewer)
  A black bear (D:4)
  Pargi (D:3)
  4 ogres
  2 wights (D:6)
  A scorpion (D:4)
  2 hounds
  4 orc priests
  Ijyb (D:4)
  2 iguanas
  3 orc wizards
  Terence (D:3)
  8 gnolls (D:3)
  15 adders
  A white imp (D:5)
  A worm (D:3)
  A dart slug (D:3)
  9 orcs
  7 ball pythons
  5 bats
  5 endoplasms
  3 giant cockroaches
  4 goblins
  11 hobgoblins
  4 jackals
  5 kobolds
  3 quokkas
  9 frilled lizards
  6 rats
  A spectral kobold (D:5)
121 creatures vanquished.

Notes
Turn   | Place    | Note
-------+----------+-------------------------------------------
     0 | D:1      | boopmooplesden the Armataur Fighter began the quest for the
                  | Orb.
     0 | D:1      | Reached XP level 1. HP: 19/19 MP: 1/1
   266 | D:1      | Reached XP level 2. HP: 22/26 MP: 2/2
   934 | D:2      | Reached XP level 3. HP: 33/33 MP: 3/3
  1127 | D:2      | Identified the scarf of Seir {rC+ rF+, Will+ Dex+3}
  1387 | D:2      | Reached XP level 4. HP: 40/40 MP: 4/4
  1682 | D:3      | Noticed Pargi
  1682 | D:3      | Noticed Terence
  1703 | D:3      | Reached skill level 5 in Armour
  1935 | D:3      | Found an opulent altar of Gozag.
  1940 | D:3      | Found a snail-covered altar of Cheibriados.
  1977 | D:3      | Found a glowing drain.
  2003 | Sewer    | Entered a sewer
  2017 | Sewer    | Reached XP level 5. HP: 48/48 MP: 5/5
  2101 | Sewer    | Noticed a water moccasin
  2111 | Sewer    | Killed a water moccasin
  2112 | Sewer    | Reached XP level 6. HP: 34/55 MP: 6/6
  2416 | D:3      | Killed Pargi
  2468 | D:3      | Found a bloodstained altar of Trog.
  2480 | D:3      | Became a worshipper of Trog the Wrathful
  2673 | D:3      | Killed Terence
  2820 | D:3      | Reached XP level 7. HP: 62/62 MP: 7/7
  2933 | D:3      | Found a broken altar of Ashenzari.
  3075 | D:3      | Found Suda's Antique Weapon Shoppe.
  3133 | D:4      | Noticed Ijyb
  3148 | D:4      | Killed Ijyb
  3231 | D:4      | Reached skill level 1 in Dodging
  3252 | D:4      | Reached * piety under Trog
  3581 | D:4      | Reached skill level 5 in Long Blades
  3607 | D:4      | Reached skill level 1 in Stealth
  3863 | D:3      | Bought a blackened falchion for 200 gold pieces
  3863 | D:3      | Identified the +7 falchion of Drought {antimagic, rElec rF-
                  | rC- Str+9} (You bought it in a shop on level 3 of the
                  | Dungeon)
  3895 | D:5      | Entered Level 5 of the Dungeon
  3966 | D:5      | Reached skill level 5 in Shields
  3966 | D:5      | Reached XP level 8. HP: 54/71 MP: 2/8
  3996 | D:5      | Found a staircase to the Ecumenical Temple.
  4168 | D:5      | Found a shimmering altar of Xom.
  4317 | D:5      | Identified the +11 flail of Recklessness {speed, rElec rF-
                  | rCorr}
  4824 | D:5      | Found a hazy altar of Hepliaklqana.
  5183 | D:6      | Slain by a wight

Illustrated notes

Levels and vault maps discovered:
D:1:      dpeg_arrival_tiny_c, layout_loops_ring
D:2:      layout_loops_ring, minmay_cut_off
D:3:      layout_loops_ring, trog_butcher_becter, mainiacjoe_overflow_alcove_2,
          mainiacjoe_overflow_catwalk_spiral, serial_shops, nicolae_square_shop,
          portal_sewer_entry_d, uniq_terence, uniq_pargi
D:4:      layout_loops_ring, nrook_mini_vaults, uniq_ijyb
D:5:      layout_basic, nicolae_hepliaklqana_monster_ancestors,
          old_standard_altar, minmay_temple_entry_sparse_star
D:6:      layout_basic, uniq_sigmund

Skill      XL: |  1  2  3  4  5  6  7  8 |
---------------+-------------------------+-----
Long Blades    | 2 3 4 5 6 |  6.1
Fighting       | 3 4 |  4.6
Armour         | 4 5 6 |  6.7
Shields        | 4 5 |  5.2
Dodging        | 1 2 |  2.3
Stealth        | 1 |  1.5
Maces & Flails | |  0.5

Action                     |  1- 3 |  4- 6 |  7- 9 || total
---------------------------+-------+-------+-------++-------
  Melee: Long sword        |   102 |   136 |   128 ||   366
         Tailslap          |     5 |    15 |    23 ||    43
         Falchion          |       |       |    18 ||    18
         Flail             |       |       |    29 ||    29
 Invoke: Berserk           |       |       |     1 ||     1
    Use: Scroll            |     7 |     3 |       ||    10
         Potion            |       |     5 |       ||     5
   Stab: Distracted        |       |     1 |       ||     1
         Sleeping          |       |       |     2 ||     2
 Armour: Scale mail        |    71 |    65 |       ||   136
         Troll leather arm |       |    21 |    73 ||    94
  Dodge: Dodged            |    35 |    59 |    57 ||   151
  Block: Buckler           |    18 |    47 |    37 ||   102
